TOP OF THE 1ST |
Yellowknife Claws batting - Pitching for Indian Hills Voodoo : RHP Octávio Durán
|
Pitching: RHP Octávio Durán
|
|
Batting: RHB Sergio Ortíz
|
0-0: Ball 1-0: Called Strike 1-1: Ball 2-1: Ball 3-1: Foul Ball, location: 2F 3-2: Strikes out swinging
|
Batting: RHB Preston Church
|
0-0: Called Strike 0-1: Foul Ball, location: 2F 0-2: SINGLE (Flyball, 89S)
|
Batting: RHB Rubén Palma
|
0-0: Called Strike 0-1: SINGLE (Groundball, 15S) (infield hit) Preston Church to second
|
Batting: SHB Júlio Ayala
|
0-0: Called Strike 0-1: Foul Ball, location: 2F 0-2: Fielders Choice at 2nd, 1-6 (Groundball, P) Preston Church to third
|
Batting: RHB César García
|
0-0: Ball 1-0: Ball 2-0: Called Strike 2-1: SINGLE (Line Drive, 89M) Preston Church scores Júlio Ayala to second
|
Batting: RHB Noah Sturges
|
0-0: Foul Ball, location: 2F 0-1: SINGLE (Groundball, 4S) (infield hit) Júlio Ayala to third César García to second
|
Batting: RHB Mario Díaz
|
0-0: Ball 1-0: Called Strike 1-1: Foul Ball, location: 2F 1-2: Strikes out looking
|
Top of the 1st over - 1 run(s), 4 hit(s), 0 error(s), 3 left on base; Yellowknife 1 - Indian Hills 0 |
BOTTOM OF THE 1ST |
Indian Hills Voodoo batting - Pitching for Yellowknife Claws : LHP Lopes Ambar
|
Pitching: LHP Lopes Ambar
|
|
Batting: SHB Cisco Oliva
|
0-0: Swinging Strike 0-1: Fly out, F8 (Flyball, 8RS)
|
Batting: LHB José Castillo
|
0-0: Called Strike 0-1: Called Strike 0-2: Ball 1-2: Ball 2-2: Fly out, F9 (Line Drive, 9)
|
Batting: LHB Dave Wilkinson
|
0-0: Called Strike 0-1: Ground out U3 (Groundball, 3S)
|
Bottom of the 1st over - 0 run(s), 0 hit(s), 0 error(s), 0 left on base; Yellowknife 1 - Indian Hills 0 |
TOP OF THE 2ND |
Yellowknife Claws batting - Pitching for Indian Hills Voodoo : RHP Octávio Durán
|
Batting: RHB Bob Bishop
|
0-0: Ball 1-0: Called Strike 1-1: Swinging Strike 1-2: Fly out, F8 (Flyball, 8RD)
|
Batting: RHB Jeff Benson
|
0-0: Ball 1-0: Called Strike 1-1: Called Strike 1-2: Strikes out swinging, 2-3 out at first.
|
Batting: RHB Sergio Ortíz
|
0-0: Swinging Strike 0-1: Ball 1-1: Foul Ball, location: 2F 1-2: SINGLE (Line Drive, 89S)
|
Batting: RHB Preston Church
|
0-0: Fielders Choice at 2nd, 4-6 (Groundball, 4)
|
Top of the 2nd over - 0 run(s), 1 hit(s), 0 error(s), 0 left on base; Yellowknife 1 - Indian Hills 0 |
BOTTOM OF THE 2ND |
Indian Hills Voodoo batting - Pitching for Yellowknife Claws : LHP Lopes Ambar
|
Batting: SHB Randy Anderson
|
0-0: Ball 1-0: Ball 2-0: Ball 3-0: Base on Balls
|
Batting: LHB Jorge Ortega
|
0-0: Ball 1-0: Fly out, F2 (Popup, 2L)
|
Batting: RHB Ben White
|
0-0: Ball 1-0: Called Strike 1-1: Ball 2-1: Ball 3-1: Foul Ball, location: 2F 3-2: SINGLE (Groundball, 3) (infield hit) Randy Anderson to second
|
Batting: RHB Marvin Kidd
|
0-0: Foul Ball, location: 2F 0-1: Ball 1-1: Foul Ball, location: 2F 1-2: SINGLE (Groundball, 6MD) Randy Anderson to third Ben White to second Runner from 3rd tries for Home, SAFE, no throw
|
Batting: RHB Randall James
|
0-0: Ball 1-0: Foul Ball, location: 2F 1-1: Ball 2-1: Swinging Strike 2-2: Strikes out looking
|
Batting: RHB Ricardo García
|
0-0: Called Strike 0-1: Ball 1-1: Foul Ball, location: 2F 1-2: Strikes out looking
|
Bottom of the 2nd over - 1 run(s), 2 hit(s), 0 error(s), 2 left on base; Yellowknife 1 - Indian Hills 1 |
TOP OF THE 3RD |
Yellowknife Claws batting - Pitching for Indian Hills Voodoo : RHP Octávio Durán
|
Batting: RHB Rubén Palma
|
0-0: Ball 1-0: Ball 2-0: Fly out, F6 (Line Drive, 6)
|
Batting: SHB Júlio Ayala
|
0-0: Foul Ball, location: 2F 0-1: Ball 1-1: Foul Ball, location: 2F 1-2: Foul Ball, location: 2F 1-2: Ball 2-2: Ball 3-2: SINGLE (Flyball, 9S)
|
Batting: RHB César García
|
0-0: Ball 1-0: Ball 2-0: Ball 3-0: Base on Balls Júlio Ayala to second
|
Batting: RHB Noah Sturges
|
0-0: Called Strike 0-1: Called Strike 0-2: Strikes out swinging
|
Batting: RHB Mario Díaz
|
0-0: Fly out, F9 (Flyball, 9LMF)
|
Top of the 3rd over - 0 run(s), 1 hit(s), 0 error(s), 2 left on base; Yellowknife 1 - Indian Hills 1 |
BOTTOM OF THE 3RD |
Indian Hills Voodoo batting - Pitching for Yellowknife Claws : LHP Lopes Ambar
|
Batting: SHB Cisco Oliva
|
0-0: Called Strike 0-1: Ball 1-1: Foul Ball, location: 2F 1-2: Ground out U3 (Groundball, 3L)
|
Batting: LHB José Castillo
|
0-0: Called Strike 0-1: Swinging Strike 0-2: Ground out U3 (Groundball, 34)
|
Batting: LHB Dave Wilkinson
|
0-0: Ball 1-0: Fly out, F3 (Popup, 3D)
|
Bottom of the 3rd over - 0 run(s), 0 hit(s), 0 error(s), 0 left on base; Yellowknife 1 - Indian Hills 1 |
TOP OF THE 4TH |
Yellowknife Claws batting - Pitching for Indian Hills Voodoo : RHP Octávio Durán
|
Batting: RHB Bob Bishop
|
0-0: Ball 1-0: Swinging Strike 1-1: Swinging Strike 1-2: Ball 2-2: Fly out, F6 (Line Drive, 6)
|
Batting: RHB Jeff Benson
|
0-0: Called Strike 0-1: Called Strike 0-2: Ball 1-2: Ball 2-2: Foul Ball, location: 2F 2-2: Foul Ball, location: 2F 2-2: SINGLE (Groundball, 4MD)
|
Batting: RHB Sergio Ortíz
|
0-0: Ball 1-0: Ball 2-0: Called Strike 2-1: Ball 3-1: Base on Balls Jeff Benson to second
|
Batting: RHB Preston Church
|
0-0: Ball 1-0: Called Strike 1-1: Foul Ball, location: 2F 1-2: Foul Ball, location: 2F 1-2: Foul Ball, location: 2F 1-2: Ball 2-2: Grounds into double play, 6-4-3 (Groundball, 6)
|
Top of the 4th over - 0 run(s), 1 hit(s), 0 error(s), 1 left on base; Yellowknife 1 - Indian Hills 1 |
BOTTOM OF THE 4TH |
Indian Hills Voodoo batting - Pitching for Yellowknife Claws : LHP Lopes Ambar
|
Batting: SHB Randy Anderson
|
0-0: Ball 1-0: Called Strike 1-1: Ball 2-1: Foul Ball, location: 2F 2-2: Ball 3-2: Foul Ball, location: 2F 3-2: SINGLE (Groundball, 34D)
|
Batting: LHB Jorge Ortega
|
0-0: Ball 1-0: Foul Ball, location: 2F 1-1: Ball 2-1: Called Strike 2-2: Strikes out swinging
|
Batting: RHB Ben White
|
0-0: Called Strike 0-1: Ball 1-1: Ball 2-1: Swinging Strike 2-2: Ball 3-2: SINGLE (Line Drive, 4D) Randy Anderson to second Randy Anderson to third
|
Batting: RHB Marvin Kidd
|
0-0: Grounds into double play, 6-4-3 (Groundball, 6)
|
Bottom of the 4th over - 0 run(s), 2 hit(s), 0 error(s), 1 left on base; Yellowknife 1 - Indian Hills 1 |
TOP OF THE 5TH |
Yellowknife Claws batting - Pitching for Indian Hills Voodoo : RHP Octávio Durán
|
Batting: RHB Rubén Palma
|
0-0: Ball 1-0: Ball 2-0: SINGLE (Groundball, 34D)
|
Pitching: RHP Luis Manuel Marshall
|
|
Batting: SHB Júlio Ayala
|
0-0: Called Strike 0-1: Ball 1-1: Ball 2-1: Grounds into double play, 6-4-3 (Groundball, 6)
|
Batting: RHB César García
|
0-0: Called Strike 0-1: Ball 1-1: Swinging Strike 1-2: Fly out, F8 (Flyball, 8LXD)
|
Top of the 5th over - 0 run(s), 1 hit(s), 0 error(s), 0 left on base; Yellowknife 1 - Indian Hills 1 |
BOTTOM OF THE 5TH |
Indian Hills Voodoo batting - Pitching for Yellowknife Claws : LHP Lopes Ambar
|
Batting: RHB Randall James
|
0-0: Fly out, F4 (Popup, 4D)
|
Batting: RHB Ricardo García
|
0-0: Hit by Pitch
|
Batting: SHB Cisco Oliva
|
0-0: Called Strike 0-1: Swinging Strike 0-2: Foul Ball, location: 2F 0-2: Ball 1-2: Strikes out swinging Ricardo García is caught stealing 2nd base Batter strikes out.
|
Bottom of the 5th over - 0 run(s), 0 hit(s), 0 error(s), 0 left on base; Yellowknife 1 - Indian Hills 1 |
TOP OF THE 6TH |
Yellowknife Claws batting - Pitching for Indian Hills Voodoo : RHP Luis Manuel Marshall
|
Batting: RHB Noah Sturges
|
0-0: Ball 1-0: Ball 2-0: Ball 3-0: Base on Balls
|
Batting: RHB Mario Díaz
|
0-0: Ball 1-0: Swinging Strike 1-1: Foul Ball, location: 2F 1-2: Ball 2-2: Strikes out swinging
|
Batting: RHB Bob Bishop
|
0-0: Ball 1-0: Ball 2-0: Called Strike 2-1: Foul Ball, location: 2F 2-2: Strikes out swinging
|
Batting: RHB Jeff Benson
|
0-0: Ball 1-0: Ball 2-0: Foul Ball, location: 2F 2-1: Swinging Strike 2-2: Ball 3-2: Foul Ball, location: 2F 3-2: Strikes out looking
|
Top of the 6th over - 0 run(s), 0 hit(s), 0 error(s), 1 left on base; Yellowknife 1 - Indian Hills 1 |
BOTTOM OF THE 6TH |
Indian Hills Voodoo batting - Pitching for Yellowknife Claws : LHP Lopes Ambar
|
Batting: LHB José Castillo
|
0-0: Called Strike 0-1: Foul Ball, location: 2F 0-2: Strikes out swinging
|
Batting: LHB Dave Wilkinson
|
0-0: Called Strike Error on foul ball, E3 0-2: Ball 1-2: Ball 2-2: Strikes out swinging
|
Batting: SHB Randy Anderson
|
0-0: Ball 1-0: Fly out, F6 (Popup, 6D)
|
Bottom of the 6th over - 0 run(s), 0 hit(s), 1 error(s), 0 left on base; Yellowknife 1 - Indian Hills 1 |
TOP OF THE 7TH |
Yellowknife Claws batting - Pitching for Indian Hills Voodoo : RHP Luis Manuel Marshall
|
Batting: RHB Sergio Ortíz
|
0-0: Foul Ball, location: 2F 0-1: Called Strike 0-2: Strikes out swinging
|
Batting: RHB Preston Church
|
0-0: Fly out, F8 (Flyball, 8RD)
|
Pinch Hitting: SHB Brock Owens
|
0-0: Called Strike 0-1: Foul Ball, location: 2F 0-2: Strikes out swinging
|
Top of the 7th over - 0 run(s), 0 hit(s), 0 error(s), 0 left on base; Yellowknife 1 - Indian Hills 1 |
BOTTOM OF THE 7TH |
Indian Hills Voodoo batting - Pitching for Yellowknife Claws : RHP Terry Leroux
|
Pitching: RHP Terry Leroux
|
|
Now at 2B: Brock Owens
|
|
Batting: LHB Jorge Ortega
|
0-0: Ball 1-0: Ball 2-0: SINGLE (Line Drive, 8RS)
|
Batting: RHB Ben White
|
0-0: Bunted foul 0-1: Sac Bunt - play at first, batter OUT! 1-4 Jorge Ortega to second
|
Pinch Hitting: LHB Jorge Garza
|
0-0: Intentional Walk
|
Batting: RHB Randall James
|
0-0: Ball 1-0: Foul Ball, location: 2F 1-1: Ball 2-1: Foul Ball, location: 2F 2-2: Foul Ball, location: 2F 2-2: Strikes out swinging
|
Batting: RHB Ricardo García
|
0-0: Fly out, F8 (Flyball, 8LM)
|
Bottom of the 7th over - 0 run(s), 1 hit(s), 0 error(s), 2 left on base; Yellowknife 1 - Indian Hills 1 |
TOP OF THE 8TH |
Yellowknife Claws batting - Pitching for Indian Hills Voodoo : RHP Luis Manuel Marshall
|
Now in RF: Jorge Garza
|
|
Batting: SHB Júlio Ayala
|
0-0: Ball 1-0: Swinging Strike 1-1: Foul Ball, location: 2F 1-2: Ground out 4-3 (Groundball, 4)
|
Batting: RHB César García
|
0-0: Called Strike 0-1: Foul Ball, location: 2F 0-2: Ball 1-2: Foul Ball, location: 2F 1-2: Ball 2-2: Strikes out looking
|
Batting: RHB Noah Sturges
|
0-0: Foul Ball, location: 2F 0-1: Fly out, F3 (Popup, 34)
|
Top of the 8th over - 0 run(s), 0 hit(s), 0 error(s), 0 left on base; Yellowknife 1 - Indian Hills 1 |
BOTTOM OF THE 8TH |
Indian Hills Voodoo batting - Pitching for Yellowknife Claws : RHP Terry Leroux
|
Batting: SHB Cisco Oliva
|
0-0: Ball 1-0: Called Strike 1-1: Ground out U3 (Groundball, 34)
|
Pinch Hitting: RHB Greg Williams
|
0-0: Ground out U3 (Groundball, 3S)
|
Pinch Hitting: RHB Dave McGuire
|
0-0: Foul Ball, location: 2F 0-1: Swinging Strike 0-2: Ball 1-2: Strikes out looking
|
Bottom of the 8th over - 0 run(s), 0 hit(s), 0 error(s), 0 left on base; Yellowknife 1 - Indian Hills 1 |
TOP OF THE 9TH |
Yellowknife Claws batting - Pitching for Indian Hills Voodoo : RHP Luis Manuel Marshall
|
Pitching: RHP Gabriel Durán
|
|
Now at 3B: José Torres
|
|
Now in CF: Norman Hopkins
|
|
Pinch Hitting: SHB Armondo Goro
|
0-0: Called Strike 0-1: Ground out 6-3 (Groundball, 6)
|
Batting: RHB Bob Bishop
|
0-0: Ball 1-0: Called Strike 1-1: Ball 2-1: Foul Ball, location: 2F 2-2: Ball 3-2: Ground out 4-3 (Groundball, 4)
|
Pinch Hitting: RHB Gerardo Andrade
|
0-0: Foul Ball, location: 2F 0-1: Ball 1-1: Foul Ball, location: 2F 1-2: Foul Ball, location: 2F 1-2: Foul Ball, location: 2F 1-2: Ball 2-2: Ball 3-2: Strikes out looking
|
Top of the 9th over - 0 run(s), 0 hit(s), 0 error(s), 0 left on base; Yellowknife 1 - Indian Hills 1 |
BOTTOM OF THE 9TH |
Indian Hills Voodoo batting - Pitching for Yellowknife Claws : RHP Terry Leroux
|
Now at 1B: Adam Carpenter
|
|
Now in LF: Armondo Goro
|
|
Batting: SHB Randy Anderson
|
0-0: Foul Ball, location: 2F 0-1: Ball 1-1: Foul Ball, location: 2F 1-2: Ball 2-2: Foul Ball, location: 2F 2-2: Strikes out looking
|
Batting: LHB Jorge Ortega
|
0-0: Swinging Strike 0-1: Ball 1-1: Fly out, F3 (Popup, 3L)
|
Batting: RHB Ben White
|
0-0: Called Strike 0-1: Ball 1-1: Ball 2-1: Foul Ball, location: 2F 2-2: Fly out, F8 (Flyball, 89D)
|
Bottom of the 9th over - 0 run(s), 0 hit(s), 0 error(s), 0 left on base; Yellowknife 1 - Indian Hills 1 |
TOP OF THE 10TH |
Yellowknife Claws batting - Pitching for Indian Hills Voodoo : RHP Gabriel Durán
|
Batting: RHB Sergio Ortíz
|
0-0: Called Strike 0-1: Foul Ball, location: 2F 0-2: Strikes out swinging
|
Batting: RHB Preston Church
|
0-0: Ball 1-0: Ball 2-0: SINGLE (Groundball, 6MD)
|
Batting: SHB Brock Owens
|
0-0: Fielders Choice at 2nd, 6-4 (Groundball, 6)
|
Batting: SHB Júlio Ayala
|
0-0: Ball Brock Owens is caught stealing 2nd base
|
Top of the 10th over - 0 run(s), 1 hit(s), 0 error(s), 0 left on base; Yellowknife 1 - Indian Hills 1 |
BOTTOM OF THE 10TH |
Indian Hills Voodoo batting - Pitching for Yellowknife Claws : RHP Terry Leroux
|
Batting: LHB Jorge Garza
|
0-0: Ball 1-0: Swinging Strike 1-1: Ball 2-1: Ball 3-1: Swinging Strike 3-2: Strikes out looking
|
Batting: RHB Randall James
|
0-0: Ball 1-0: SINGLE (Groundball, 56D)
|
Batting: RHB Ricardo García
|
0-0: Foul Ball, location: 2F 0-1: Ball 1-1: Foul Ball, location: 2F 1-2: DOUBLE (Line Drive, 89M) Randall James to third Runner from 3rd tries for Home, throw and OUT!
|
Batting: SHB Cisco Oliva
|
0-0: Ball 1-0: Called Strike 1-1: Fly out, F6 (Line Drive, 6)
|
Bottom of the 10th over - 0 run(s), 2 hit(s), 0 error(s), 1 left on base; Yellowknife 1 - Indian Hills 1 |
TOP OF THE 11TH |
Yellowknife Claws batting - Pitching for Indian Hills Voodoo : RHP Gabriel Durán
|
Pitching: RHP Mark Phillips
|
|
Batting: SHB Júlio Ayala
|
0-0: Ball 1-0: Called Strike 1-1: Foul Ball, location: 2F 1-2: Ball 2-2: Strikes out looking
|
Batting: RHB César García
|
0-0: Ball 1-0: Foul Ball, location: 2F 1-1: Ball 2-1: Foul Ball, location: 2F 2-2: SINGLE (Groundball, 34D)
|
Batting: RHB Noah Sturges
|
0-0: Called Strike 0-1: Ball 1-1: Hit by Pitch César García to second
|
Batting: SHB Armondo Goro
|
0-0: Foul Ball, location: 2F 0-1: Ball 1-1: Called Strike 1-2: Ball 2-2: Ball 3-2: Fly out, F8 (Flyball, 8LS)
|
Batting: RHB Bob Bishop
|
0-0: Called Strike 0-1: Ball 1-1: Foul Ball, location: 2F 1-2: DOUBLE (Flyball, 78M) César García scores Noah Sturges to third Runner from 3rd tries for Home, SAFE, no throw
|
Pitching: RHP Santiago Álvarez
|
|
Batting: RHB Adam Carpenter
|
0-0: Foul Ball, location: 2F 0-1: Ball 1-1: Called Strike 1-2: Ball 2-2: Strikes out swinging
|
Top of the 11th over - 2 run(s), 2 hit(s), 0 error(s), 1 left on base; Yellowknife 3 - Indian Hills 1 |
BOTTOM OF THE 11TH |
Indian Hills Voodoo batting - Pitching for Yellowknife Claws : RHP Terry Leroux
|
Pitching: RHP Jason Willis
|
|
Batting: RHB Norman Hopkins
|
0-0: Ball 1-0: Fly out, F7 (Flyball, 7S)
|
Batting: RHB José Torres
|
0-0: SINGLE (Line Drive, 3)
|
Batting: SHB Randy Anderson
|
0-0: Foul Ball, location: 2F 0-1: Swinging Strike 0-2: Ball 1-2: Ball 2-2: Foul Ball, location: 2F 2-2: Foul Ball, location: 2F 2-2: Foul Ball, location: 2F 2-2: Foul Ball, location: 2F 2-2: Ball 3-2: Foul Ball, location: 2F 3-2: Foul Ball, location: 2F 3-2: Base on Balls José Torres to second
|
Batting: LHB Jorge Ortega
|
0-0: Called Strike 0-1: Ball 1-1: Ball 2-1: Fielders Choice at 2nd, 3-6 (Groundball, 34) José Torres to third
|
Batting: RHB Ben White
|
0-0: Ball 1-0: Ball 2-0: Ball 3-0: Base on Balls Jorge Ortega to second
|
Batting: LHB Jorge Garza
|
0-0: Ball 1-0: Ball 2-0: Ball 3-0: Called Strike 3-1: Fly out, F8 (Flyball, 8RD)
|
Bottom of the 11th over - 0 run(s), 1 hit(s), 0 error(s), 3 left on base; Yellowknife 3 - Indian Hills 1 |
|